 Dungeon Crawl Stone Soup version 0.30-a0-43-gbbf338a72c (webtiles) character file.

Game seed: 9157311565407199961

413 Kinoniko the Cleaver (level 6, -10/79 HPs)
             Began as a Minotaur Berserker on Sept 1, 2022.
             Was a Believer of Trog.
             Mangled by an ogre
             ... wielding a +0 giant club
              (18 damage)
             ... on level 4 of the Dungeon.
             The game lasted 00:02:57 (3600 turns).

Kinoniko the Cleaver (Minotaur Berserker)           Turns: 3600, Time: 00:02:58

Health: -10/79     AC:  6    Str: 23    XL:     6   Next: 59%
Magic:  5/5        EV: 11    Int:  4    God:    Trog [**....]
Gold:   287        SH:  5    Dex: 16    Spells: 5/5 levels left

rFire   + . .      SeeInvis .    a - +0 hand axe
rCold   . . .      Faith    .    (no shield)
rNeg    . . .      Spirit   .    d - +0 ring mail
rPois   .          Reflect  +    (helmet restricted)
rElec   .          Harm     .    (no cloak)
rCorr   .          Rampage  .    (no gloves)
Will    .....                    x - +0 pair of boots
Stlth   ..........               s - amulet of reflection
HPRegen 0.23/turn                t - +6 ring of dexterity
MPRegen 0.09/turn                v - ring of protection from fire

@: berserking, very quick
A: horns 2, retaliatory headbutt
a: Renounce Religion, Berserk, Trog's Hand


You were on level 4 of the Dungeon.
You worshipped Trog.
Trog was pleased with you.
You visited 1 branch of the dungeon, and saw 4 of its levels.

You collected 287 gold pieces.

Inventory:

Hand Weapons
 a - a +0 hand axe (weapon)
Armour
 d - a +0 ring mail (worn)
 x - a +0 pair of boots (worn)
Jewellery
 c - a ring of magical power
 s - an amulet of reflection (around neck)
 t - a +6 ring of dexterity (left hand)
 v - a ring of protection from fire (right hand)
Scrolls
 b - a scroll of immolation {unknown}
 f - a scroll of enchant weapon {unknown}
 g - 2 scrolls of poison {unknown}
 h - a scroll of teleportation {unknown}
 j - a scroll of butterflies {unknown}
 k - a scroll of noise {unknown}
 n - 4 scrolls of identify {unknown}
 r - 2 scrolls of amnesia {unknown}
 u - 2 scrolls of fear {unknown}
Potions
 e - 6 potions of curing
 i - 2 potions of haste {unknown}
 l - a potion of flight {unknown}
 m - a potion of cancellation {unknown}
 o - 3 potions of brilliance {unknown}
 p - a potion of degeneration {unknown}
 q - a potion of mutation {unknown}
 w - 2 potions of heal wounds {unknown}


   Skills:
 - Level 4.4 Fighting
 * Level 8.7 Axes
 - Level 2.4 Armour
 - Level 2.1 Dodging


You had 5 spell levels left.
You didn't know any spells.
Your spell library was empty.

Dungeon Overview and Level Annotations

Branches:
Dungeon (4/15)             Temple (0/1) D:4

Altars:
Ashenzari
Sif Muna


Innate Abilities, Weirdness & Mutations

You have a pair of horns on your head.
You reflexively headbutt those who attack you in melee.


Message History

No target in view!
No target in view!
No target in view!
No target in view!
You are no longer corroded.
An ogre comes into view. It is wielding a +0 giant club.
The ogre shouts!
An ogre is nearby!
The ogre hits you with a +0 giant club!!
Ouch! That really hurt!
You are too injured to fight recklessly!
You are too injured to fight recklessly!
You are too injured to fight recklessly!
You are too injured to fight recklessly!
You are too injured to fight recklessly!
You are too injured to fight recklessly!
You are too injured to fight recklessly!
You are too injured to fight recklessly!
You are too injured to fight recklessly!
You are too injured to fight recklessly!
You are too injured to fight recklessly!
You are too injured to fight recklessly!
You are too injured to fight recklessly!
Unknown command.
A red film seems to cover your vision as you go berserk!
You feel yourself moving faster!
You feel mighty! The ogre misses you.
You hit the ogre.
The ogre is lightly wounded.
You hit the ogre.
The ogre is lightly wounded.
The ogre hits you with a +0 giant club!!
* * * LOW HITPOINT WARNING * * *
You slash the ogre!
The ogre is heavily wounded.
You hit the ogre.
The ogre is severely wounded.
You barely miss the ogre.
The ogre is severely wounded.
The ogre hits you with a +0 giant club!!
You die...

......#.........
......#..........#
......#..........#
......#..........#
......'..........#
#######..........##+## ########
##....##'#####+#.....# #.......
......#........+O....# #.......
......#........#@....# #.......
).....#........#.....## #.......
......#........#......# #.......
#...####'#####+#...##.####.......
#...####.#.........# .#......###
.........#.........# #......#..
.........#.........# #......#..
.........#........## ##.....#..
.........#........# #.....#..


You could see an ogre.

Vanquished Creatures
  A phantom (D:4)
  An orc priest (D:4)
  3 jellies
  Natasha (thrice) (D:2)
  7 adders
  An ufetubus (D:4)
  A worm (D:2)
  2 dart slugs
  9 orcs (D:4)
  2 bats
  5 endoplasms
  5 giant cockroaches
  7 goblins
  9 hobgoblins
  2 ball pythons
  A frilled lizard (D:2)
  7 kobolds
  2 rats
68 creatures vanquished.

Notes
Turn   | Place    | Note
-------+----------+-------------------------------------------
     0 | D:1      | Kinoniko the Minotaur Berserker began the quest for the
                  | Orb.
     0 | D:1      | Reached XP level 1. HP: 19/19 MP: 0/0
   211 | D:1      | Reached skill level 4 in Axes
   304 | D:1      | Reached XP level 2. HP: 27/27 MP: 1/1
   909 | D:2      | Noticed Natasha
   910 | D:2      | Found a faded altar of an unknown god.
   925 | D:2      | Killed Natasha
   926 | D:2      | Reached XP level 3. HP: 12/33 MP: 2/2
   932 | D:2      | Reached skill level 5 in Axes
  1379 | D:2      | Reached XP level 4. HP: 32/41 MP: 3/3
  1491 | D:2      | Found a shimmering blue altar of Sif Muna.
  1569 | D:2      | Noticed Natasha
  1578 | D:2      | Killed Natasha
  1578 | D:2      | Reached ** piety under Trog
  1579 | D:2      | Reached skill level 6 in Axes
  1731 | D:2      | Noticed Natasha
  1741 | D:2      | Killed Natasha
  1822 | D:2      | You fall into a shaft and drop 2 floors!
  1826 | D:4      | Found a staircase to the Ecumenical Temple.
  1975 | D:3      | Reached XP level 5. HP: 47/47 MP: 4/4
  2634 | D:3      | Reached skill level 7 in Axes
  2891 | D:4      | Found a broken altar of Ashenzari.
  3115 | D:4      | Reached XP level 6. HP: 53/53 MP: 5/5
  3365 | D:4      | Reached skill level 8 in Axes
  3600 | D:4      | Mangled by an ogre

Illustrated notes

Levels and vault maps discovered:
D:1:      arrival_zaba_pyramid, layout_loops_corners
D:2:      layout_loops_ring, basic_altar, dreamdust_ecumenical_altar_statues,
          minmay_tiny_reverse_x, uniq_natasha
D:3:      layout_basic, minivault_25
D:4:      layout_gridville, ashenzari_altar_1, minmay_temple_entry_antechambers

Skill      XL: |  1  2  3  4  5  6 |
---------------+-------------------+-----
Axes           | 4 5 6 7 8 |  8.7
Fighting       | 4 |  4.4
Armour         | |  2.4
Dodging        | |  2.1

Action                   |  1- 3 |  4- 6 || total
-------------------------+-------+-------++-------
Melee: Hand axe          |    72 |   102 ||   174
       Headbutt          |    14 |    16 ||    30
Invok: Berserk           |     1 |     3 ||     4
Armor: Ring mail         |    23 |    29 ||    52
       Leather armour    |     2 |       ||     2
Dodge: Dodged            |    36 |    45 ||    81
Block: Other             |       |     2 ||     2

Table legend: (Time is in decaauts)
 A = Elapsed time spent in this place.
 B = Non-inter-level travel time spent in this place.
 C = Inter-level travel time spent in this place.
 D = Time resting spent in this place.
 E = Time spent auto-exploring this place.
 F = Levels seen in this place.
 G = Mean time per level.
                   A        B        C        D        E       F      G
               +--------+--------+--------+--------+--------+-----+--------+
         Total |   3620 |   3533 |     87 |    296 |   2753 |   4 |  905.0 |
       Dungeon |   3620 |   3533 |     87 |    296 |   2753 |   4 |  905.0 |
               +--------+--------+--------+--------+--------+-----+--------+

Top non-repeatable levels by time:
     D:2: 1238 daAuts
     D:1: 906 daAuts
     D:3: 755 daAuts
     D:4: 720 daAuts
